 Dungeon Crawl Stone Soup version 0.30-a0-702-gdf48620a09 (webtiles) character file.

Game seed: 3791788089276891424

128 Tocho the Conjurer (level 4, -2/24 HPs)
             Began as a Deep Elf Conjurer on Jan 22, 2023.
             Slain by an orc
             ... wielding a +0 flail
              (7 damage)
             ... on level 4 of the Dungeon.
             The game lasted 00:12:09 (3311 turns).

Tocho the Conjurer (Deep Elf Conjurer)              Turns: 3311, Time: 00:12:09

Health: -2/24      AC:  3    Str:  4    XL:     4   Next: 87%
Magic:  1/12       EV: 12    Int: 25    God:
Gold:   48         SH:  0    Dex: 13    Spells: 8/11 levels left

rFire   + . .      SeeInvis .    s - staff of fire
rCold   . . .      Faith    .    (no shield)
rNeg    . . .      Spirit   .    a - +0 robe
rPois   .          Reflect  .    k - +0 helmet
rElec   .          Harm     .    (no cloak)
rCorr   .          Rampage  .    (no gloves)
Will    .....                    (no boots)
Stlth   ++                       (no amulet)
HPRegen 0.24/turn                (no ring)
MPRegen 0.13/turn                (no ring)

@: no status effects
A: no striking features
a: no special abilities


You were on level 4 of the Dungeon.
You visited 1 branch of the dungeon, and saw 4 of its levels.

You collected 48 gold pieces.

Inventory:

Hand Weapons
 f - a +0 quarterstaff
Armour
 a - a +0 robe (worn)
 k - a +0 helmet (worn)
Magical Staves
 s - a staff of fire (weapon)
Wands
 n - a wand of polymorph (3)
Scrolls
 g - a scroll of enchant weapon
 h - 2 scrolls of poison
 j - a scroll of blinking
 l - a scroll of fear {unknown}
 m - a scroll of amnesia {unknown}
 o - a scroll of butterflies {unknown}
 q - a scroll of fog {unknown}
 r - a scroll of torment {unknown}
 t - a scroll of identify
Potions
 b - a potion of magic
 c - 2 potions of flight
 d - a potion of heal wounds
 e - 2 potions of lignification
 i - 2 potions of attraction
 p - a potion of mutation


   Skills:
 + Level 0.2 Fighting
 + Level 1.6 Staves
 + Level 2.9 Dodging
 + Level 3.0 Stealth
 * Level 4.2 Spellcasting
 * Level 5.5 Conjurations


You had 8 spell levels left.
You knew the following spells:

 Your Spells              Type           Power      Damage    Failure   Level
a - Magic Dart            Conj           100%       1d8       1%          1
b - Searing Ray           Conj           64%        2d6       1%          2

Your spell library contained the following spells:

 Spells                   Type           Power      Damage    Failure   Level
 Dazzling Flash           Conj/Hex       38%        N/A       9%          3
 Lesser Beckoning         Tloc           10%        N/A       14%         2
 Sublimation of Blood     Necr           5%         N/A       14%         2
 Wereblood                Tmut           5%         N/A       14%         2
 Gell's Gravitas          Tloc           5%         N/A       26%         3
 Teleport Other           Tloc           5%         N/A       26%         3
 Fulminant Prism          Conj/Hex       9%         3d6       28%         4
 Iskenderun's Mystic Bla  Conj/Tloc      19%        2d6       28%         4
 Summon Hydra             Summ           2%         N/A       100%        7


Dungeon Overview and Level Annotations

Branches:
Dungeon (4/15)
 Temple: D:4-7

Altars:
Fedhas
Kikubaaqudgha
Okawaru
Xom
Yredelemnul

Shops:
D:1 [

Annotations:
D:3 2 transporters, Menkaure


Message History

Confirm with . or Enter, or press ? or * to list all spells.
Aiming: Magic Dart (safe; 1% risk of failure)
Press: ? - help, Shift-Dir - straight line, f/p - orc
Aim: an orc, wielding a +0 flail and wearing a +0 chain mail (moderately wounded, 100% to hit)
The magic dart hits the orc but does no damage.
The orc is moderately wounded.
Casting: Magic Dart (safe; 1% risk of failure)
Confirm with . or Enter, or press ? or * to list all spells.
Aiming: Magic Dart (safe; 1% risk of failure)
Press: ? - help, Shift-Dir - straight line, f/p - orc
Aim: an orc, wielding a +0 flail and wearing a +0 chain mail (moderately wounded, 100% to hit)
The magic dart hits the orc but does no damage.
The orc is moderately wounded.
Aiming: Searing Ray (safe; 1% risk of failure)
Press: ? - help, Q - select action, (/) - cycle Shift-Dir - straight line, f/p - orc
Aim: an orc, wielding a +0 flail and wearing a +0 chain mail (moderately wounded, 86% to hit)
The searing ray hits the orc.
The orc is heavily wounded. (Press . to maintain the ray.) Without enough magic to sustain it, your searing ray dissipates.
The orc completely misses you.
You don't have enough magic to cast this spell.
The orc barely misses you. The orc attacks as you move away!
The orc splashes around in the water.
The orc attacks as you move away! The orc hits you but does no damage.
The orc misses you. The orc attacks as you move away!
The orc hits you but does no damage. The orc attacks as you move away!
The orc closely misses you. The orc hits you with a +0 flail.
Found a whip.
The orc attacks as you move away! The orc hits you with a +0 flail!
The orc attacks as you move away! The orc hits you with a +0 flail!
* * * LOW HITPOINT WARNING * * *
Aiming: Searing Ray (safe; 1% risk of failure)
Press: ? - help, Q - select action, (/) - cycle Shift-Dir - straight line, f/p - orc
Aim: an orc, wielding a +0 flail and wearing a +0 chain mail (heavily wounded, 86% to hit)
The searing ray misses the orc. (Press . to maintain the ray.)
The orc hits you with a +0 flail!
You die...

~≈≈.P♣P.≈≈~≈.......
#..~≈≈≈>P_♣<~≈≈~....†<.
#..~≈≈~PP.P.~≈~~.#.....
#...~≈≈≈P..≈≈≈~........
#...~≈≈~≈~≈≈≈≈~.##...##
#.).~≈≈≈≈≈≈~~....<....
#....~≈≈≈~≈~.......<..
#.#...~≈~...##.......
#...@o.....###.....#.
####.........#.......
##........##......
#....############
####.# ..# #..# ..#


You could see an orc.

Vanquished Creatures
  Ijyb (D:3)
  5 adders
  2 dart slugs
  An orc (D:3)
  5 ball pythons
  4 bats
  6 endoplasms
  3 giant cockroaches
  7 goblins
  6 hobgoblins
  4 kobolds
  A quokka (D:1)
  2 frilled lizards
  5 rats
52 creatures vanquished.

Vanquished Creatures (others)
  6 plants
6 creatures vanquished.

Grand Total: 58 creatures vanquished

Notes
Turn   | Place    | Note
-------+----------+-------------------------------------------
     0 | D:1      | Tocho the Deep Elf Conjurer began the quest for the Orb.
     0 | D:1      | Reached XP level 1. HP: 10/10 MP: 6/6
   308 | D:1      | Found a faded altar of an unknown god.
   320 | D:1      | Reached XP level 2. HP: 15/15 MP: 6/8
   327 | D:1      | Learned a level 2 spell: Searing Ray
   484 | D:1      | Found Cairch's Antique Armour Shop.
   682 | D:1      | Reached skill level 5 in Conjurations
  1255 | D:2      | Reached XP level 3. HP: 19/19 MP: 3/9
  1364 | D:2      | Found a shimmering altar of Xom.
  2086 | D:3      | Reached skill level 1 in Staves
  2135 | D:3      | Reached XP level 4. HP: 24/24 MP: 3/11
  2374 | D:3      | Noticed Ijyb
  2390 | D:3      | Killed Ijyb
  2565 | D:3      | Found a transporter.
  2566 | D:3      | Found a basalt altar of Yredelemnul.
  2566 | D:3      | Noticed a phantom
  2569 | D:3      | Noticed Menkaure
  2579 | D:3      | Found an ancient bone altar of Kikubaaqudgha.
  2602 | D:3      | Found a transporter.
  3092 | D:3      | Found an iron altar of Okawaru.
  3268 | D:4      | Found a blossoming altar of Fedhas.
  3311 | D:4      | Slain by an orc

Illustrated notes

Levels and vault maps discovered:
D:1:      scummos_arrival_simple_fountains, layout_loops_corners, serial_shops,
          nicolae_shop_hallway_stairs, basic_ecumenical_altar
D:2:      layout_basic, basic_altar, minmay_cut_off
D:3:      layout_loops_ring, kennysheep_okawaru_gauntlet,
          gammafunk_temple_of_torment, serial_bayou_lagoon_a, uniq_ijyb
D:4:      layout_cave_pools, fedhas_ov_isle_minmay,
          nicolae_wu_jian_immortal_techniques, mainiacjoe_overflow_alcove_4,
          serial_bayou_lagoon_b

Skill      XL: |  1  2  3  4 |
---------------+-------------+-----
Conjurations   | 5 |  5.5
Staves         | 1 |  1.6
Stealth        | 3 |  3.0
Spellcasting   | 4 |  4.2
Fighting       | |  0.2
Dodging        | |  2.9

Action                   |  1- 3 |  4- 6 || total
-------------------------+-------+-------++-------
Melee: Quarterstaff      |    25 |     7 ||    32
       Staff             |       |     3 ||     3
 Cast: Magic Dart        |    20 |    27 ||    47
       Searing Ray       |    16 |    10 ||    26
  Use: Scroll            |     4 |     6 ||    10
       Potion            |     3 |     1 ||     4
 Stab: Sleeping          |     2 |     2 ||     4
Armor: Robe              |     5 |     3 ||     8
Dodge: Dodged            |    20 |    10 ||    30

Table legend: (Time is in decaauts)
 A = Elapsed time spent in this place.
 B = Non-inter-level travel time spent in this place.
 C = Inter-level travel time spent in this place.
 D = Time resting spent in this place.
 E = Time spent auto-exploring this place.
 F = Levels seen in this place.
 G = Mean time per level.
                   A        B        C        D        E       F      G
               +--------+--------+--------+--------+--------+-----+--------+
         Total |   3335 |   3136 |    199 |      0 |   2708 |   4 |  833.8 |
       Dungeon |   3335 |   3136 |    199 |      0 |   2708 |   4 |  833.8 |
               +--------+--------+--------+--------+--------+-----+--------+

Top non-repeatable levels by time:
     D:3: 1194 daAuts
     D:1: 1190 daAuts
     D:2: 895 daAuts
     D:4: 55 daAuts
